 Dungeon Sprint DCSS version 0.16-a0-3841-g2612308 (console) character file.

45 Monkaria the Chopper (level 3, -3/37 HPs)
             Began as a Hill Orc Fighter on Jan 30, 2015.
             Was an Elder of Makhleb.
             Slain by Agnes
             ... wielding a +0 lajatang
              (7 damage)
             ... in the Dungeon (Sprint VII: "The Pits").
             The game lasted 00:01:25 (581 turns).

Monkaria the Chopper (Hill Orc Fighter)              Turns: 581, Time: 00:01:25

Health: -3/37      AC:  8    Str: 19    XL:     3   Next: 64%
Magic:  3/3        EV:  8    Int:  8    God:    Makhleb [****..]
Gold:   0          SH:  9    Dex: 10    Spells: 0 memorised, 2 levels left

rFire  . . .     SeeInvis .     a - +0 war axe
rCold  . . .     Clarity  .     u - +3 ring mail
rNeg   . . .     SustAb   .     c - +0 shield
rPois  .         Gourm    .     (no helmet)
rElec  .         Spirit   .     (no cloak)
rCorr  .         Warding  .     (no gloves)
rMut   .         NoTele   +     (no boots)
MR     .....                    (no amulet)
Stlth  ..........               (no ring)
                                (no ring)

@: lethally poisoned, not resistant to hostile enchantments, extremely
unstealthy
A: no striking features
a: Minor Destruction, Lesser Servant of Makhleb, Major Destruction, Renounce
Religion


You were in the Dungeon.
You worshipped Makhleb.
Makhleb was greatly pleased with you.
You were not hungry.

You visited 1 branch

Inventory:

Hand weapons
 a - a +0 war axe (weapon)
Armour
 c - a +0 shield (worn)
 t - a +2 plate armour
 u - a +3 ring mail (worn)
Scrolls
 k - a scroll of blinking
 o - 3 scrolls of remove curse
 p - 5 scrolls of amnesia
 q - a scroll of summoning
 r - 2 scrolls of vulnerability
Potions
 e - a potion of might
 f - 6 potions of curing
 h - a potion of haste
 i - 4 potions of magic
 j - 3 potions of berserk rage
 n - 2 potions of invisibility
 s - 5 potions of heal wounds
Comestibles
 d - 8 meat rations
 g - 3 chunks of flesh
 l - 40 fruits
 m - 7 bread rations


   Skills:
 + Level 5.9 Fighting
 * Level 7.8 Axes
 - Level 3.2 Armour
 - Level 3.2 Shields


You had 2 spell levels left.
You didn't know any spells.

Dungeon Overview and Level Annotations

Branches:
Dungeon (1/1)

Altars:
Ashenzari
Cheibriados
Dithmenos
Elyvilon
Fedhas
Gozag
Kikubaaqudgha
Makhleb
Nemelex Xobeh
Okawaru
Qazlal
Ru
Sif Muna
Trog
Vehumet
Xom
Yredelemnul
Zin
The Shining One
Beogh
Jiyva
Lugonu

Annotations:
D Agnes


Message History

The splash of poison hits you!
You are poisoned.
There's a creature in the gateway!
You feel sick.
You feel sick.
Agnes zaps a wand.
The puff of frost hits you!
Agnes zaps a wand.
The puff of frost hits you! The greater naga spits poison at you.
The splash of poison hits you!
You are more poisoned.
* * * LOW HITPOINT WARNING * * *
There is a huge open gate to the Grid Vault (Hard) here.
* * * LOW HITPOINT WARNING * * *
You feel sick.
There is a huge open gate to the Main Hall (Safe) here.
* * * LOW HITPOINT WARNING * * *
You feel sick. Agnes closely misses you.
You closely miss Agnes.
* * * LOW HITPOINT WARNING * * *
You feel sick. Agnes hits you with a lajatang!
You die...

#.# #...# #####++# ......
#........ ......##........
#......3'..#....#.
#.....4''.........
#########.........
###################N.#....#.
................@i'.........
.................''.........
###############..##..#....#.
#..##........ +..##........
#..####++### #..# #..#
###############..#


You could see Agnes and a greater naga.

Vanquished Creatures
  A river rat (D)
  An adder (D)
  A giant mite (D)
  A giant eyeball (D)
  An adder skeleton (D)
  A hobgoblin (D)
  4 jackals (D)
  A kobold (D)
  A rat (D)
12 creatures vanquished.

Notes
Turn   | Place    | Note
--------------------------------------------------------------
     0 | D        | Monkaria, the Hill Orc Fighter, began the quest for the Orb.
     0 | D        | Reached XP level 1. HP: 19/19 MP: 1/1
    17 | D        | Reached skill level 4 in Fighting
    42 | D        | Found a sacrificial altar of Ru.
    42 | D        | Found a basalt altar of Yredelemnul.
    42 | D        | Found a glowing golden altar of the Shining One.
    42 | D        | Found a deep blue altar of Sif Muna.
    42 | D        | Found a burning altar of Makhleb.
    42 | D        | Found an ancient bone altar of Kikubaaqudgha.
    42 | D        | Found a glowing silver altar of Zin.
    43 | D        | Found a shadowy altar of Dithmenos.
    43 | D        | Found a bloodstained altar of Trog.
    43 | D        | Found a shattered altar of Ashenzari.
    43 | D        | Found a white marble altar of Elyvilon.
    43 | D        | Found a snail-covered altar of Cheibriados.
    43 | D        | Found a blossoming altar of Fedhas.
    43 | D        | Found a radiant altar of Vehumet.
    43 | D        | Found a shimmering altar of Xom.
    43 | D        | Found a sparkling altar of Nemelex Xobeh.
    43 | D        | Found a corrupted altar of Lugonu.
    43 | D        | Found a viscous altar of Jiyva.
    43 | D        | Found a roughly hewn altar of Beogh.
    43 | D        | Found an iron altar of Okawaru.
    46 | D        | Became a worshipper of Makhleb the Destroyer
    51 | D        | Found a stormy altar of Qazlal.
    52 | D        | Found an opulent altar of Gozag.
    78 | D        | Reached skill level 5 in Axes
    78 | D        | Reached XP level 2. HP: 12/28 MP: 2/2
   257 | D        | Acquired Makhleb's first power
   258 | D        | Reached skill level 5 in Fighting
   258 | D        | Reached skill level 6 in Axes
   268 | D        | Acquired Makhleb's second power
   365 | D        | Reached skill level 7 in Axes
   365 | D        | Reached XP level 3. HP: 26/36 MP: 3/3
   372 | D        | Paralysed by a giant eyeball for 2 turns
   376 | D        | Acquired Makhleb's third power
   451 | D        | Acquired Makhleb's fourth power
   573 | D        | Noticed Agnes
   573 | D        | Noticed a greater naga
   573 | D        | Noticed a chaos spawn
   573 | D        | Noticed a rust devil
   581 | D        | Slain by Agnes

Action                   || total
-------------------------++-------
Melee: War axe           ||    58
  Use: Potion            ||     1
